 Dungeon Crawl Stone Soup version 0.29-a0-520-gc852659d43 (webtiles) character file.

Game seed: 7651274449322434661

469 hquester1 the Ducker (level 6, -4/32 HPs)
             Began as a Spriggan Fighter on May 31, 2022.
             Splashed by a jelly's acid (7 damage)
             ... on level 5 of the Dungeon.
             The game lasted 00:14:07 (5310 turns).

hquester1 the Ducker (Spriggan Fighter)             Turns: 5310, Time: 00:14:09

Health: -4/32      AC: -10   Str: 12    XL:     6   Next: 82%
Magic:  7/7        EV: 19    Int: 10    God:
Gold:   155        SH:  7    Dex: 16    Spells: 5/5 levels left

rFire   . . .      SeeInvis +   n - +1 rapier (vamp)
rCold   . . .      Faith    .   c - +0 buckler
rNeg    . . .      Spirit   .   b - +0 robe
rPois   .          Reflect  .   (helmet restricted)
rElec   +          Harm     .   (no cloak)
rCorr   .          Rampage  .   (gloves unavailable)
Will    ++...                   (boots unavailable)
Stlth   ++++......              (no amulet)
HPRegen 0.10/turn               p - ring of Fatigue {rElec Will+ Stlth+}
MPRegen 0.10/turn               (no ring)

@: corroded, very quick
A: very small, no large weapons, unfitting armour, see invisible, speed 3
a: no special abilities


You were on level 5 of the Dungeon.
You visited 1 branch of the dungeon, and saw 5 of its levels.

You collected 288 gold pieces.
You spent 133 gold pieces at shops.

Inventory:

Hand Weapons
 k - a +4 dagger
 n - a +1 vampiric rapier (weapon)
Armour
 b - a +0 robe (worn)
 c - a +0 buckler (worn)
Jewellery
 h - an amulet of magic regeneration
 p - the ring of Fatigue (left hand) {rElec Will+ Stlth+}
   (You found it on level 4 of the Dungeon)

   [ring of willpower]

   rElec:     It insulates you from electricity.
   Will:      It increases your willpower.
   Stlth:     It makes you more stealthy.
 r - a ring of protection from fire
 s - a ring of positive energy
Scrolls
 a - 2 scrolls of immolation
 g - 2 scrolls of noise
 l - a scroll of amnesia
Potions
 d - 3 potions of might
 e - 2 potions of lignification {unknown}
 f - a potion of degeneration {unknown}
 i - 2 potions of flight {unknown}
 j - a potion of resistance {unknown}
 m - a potion of brilliance {unknown}
 o - a potion of mutation {unknown}
 q - a potion of berserk rage {unknown}


   Skills:
 + Level 3.6 Fighting
 + Level 4.0 Short Blades
 + Level 5.8 Dodging
 + Level 4.6 Stealth
 + Level 3.2 Shields


You had 5 spell levels left.
You didn't know any spells.
Your spell library was empty.

Dungeon Overview and Level Annotations

Branches:
Dungeon (5/15)
 Temple: D:4-7

Altars:
Fedhas
Sif Muna

Shops:
D:2 [   D:3 (


Innate Abilities, Weirdness & Mutations

You are very small and have problems with some larger weapons.
You are too small for most types of armour.
You have supernaturally acute eyesight. (SInv)
You cover ground extremely quickly. (Speed+++)


Message History

You kill the ufetubus!
You start resting.
A jelly comes into view.
Found a scroll labelled EKLAKHEGRU.
Found a smoky ruby potion.
The jelly quivers.
You puncture the jelly! The acid corrodes you!
Your hands burn!
The jelly is heavily wounded.
You block the jelly's attack.
You hit the jelly.
You feel better.
Your hands burn!
The jelly is heavily wounded.
The jelly misses you.
You hit the jelly.
You feel better.
Your hands burn!
The jelly is almost dead.
The jelly completely misses you.
You hit the jelly but do no damage. The acid corrodes you!
Your hands burn!
The jelly is almost dead.
The jelly barely misses you.
You barely miss the jelly.
The jelly is almost dead.
You block the jelly's attack. The jelly hits you.
You are splashed with acid!
You hit the jelly but do no damage.
Your hands burn!
* * * LOW HITPOINT WARNING * * *
The jelly is almost dead.
You block the jelly's attack.
You hit the jelly but do no damage.
Your hands burn!
* * * LOW HITPOINT WARNING * * *
The jelly is almost dead.
The jelly completely misses you.
You hit the jelly but do no damage.
Your hands burn!
* * * LOW HITPOINT WARNING * * *
The jelly is almost dead.
The jelly closely misses you.
You hit the jelly but do no damage.
Your hands burn!
* * * LOW HITPOINT WARNING * * *
The jelly is almost dead.
The jelly hits you.
* * * LOW HITPOINT WARNING * * *
The acid corrodes you!
You are splashed with acid!
You die...

##....##................
..................##....
##...............##
#...............##
#................#.
....................
##.#.......<........
#...##.............
###......@J........
#....####....#..# #....
...#.# .. #.... ..###..
. #? .!.. #.. ..## #.#
... .#


You could see a jelly.

Vanquished Creatures
  A kobold brigand (D:4)
  A scorpion (D:4)
  A gnoll shaman (D:4)
  2 hounds
  An iguana (D:4)
  2 orc wizards (D:4)
  3 gnolls (D:2)
  3 adders
  2 ufetubi
  A worm (D:4)
  3 dart slugs
  8 orcs (D:4)
  4 endoplasms
  4 giant cockroaches
  7 hobgoblins
  2 jackals (D:1)
  12 kobolds
  7 quokkas
  10 ball pythons
  10 bats
  4 frilled lizards
  8 goblins
  8 rats
104 creatures vanquished.

Vanquished Creatures (others)
  A fungus (D:2)
  3 plants (D:2)
4 creatures vanquished.

Grand Total: 108 creatures vanquished

Notes
Turn   | Place    | Note
-------+----------+-------------------------------------------
     0 | D:1      | hquester1 the Spriggan Fighter began the quest for the Orb.
     0 | D:1      | Reached XP level 1. HP: 11/11 MP: 2/2
   388 | D:1      | Reached XP level 2. HP: 15/16 MP: 3/3
   397 | D:1      | Reached skill level 1 in Stealth
   823 | D:1      | Reached XP level 3. HP: 14/19 MP: 4/4
  1257 | D:2      | Found a faded altar of an unknown god.
  1297 | D:2      | Found Zolippuv's Armour Shoppe.
  2030 | D:2      | Reached XP level 4. HP: 18/23 MP: 5/5
  2768 | D:3      | Found a shimmering blue altar of Sif Muna.
  2845 | D:3      | Found Adoilez's Antique Weapon Boutique.
  2853 | D:3      | Bought a runed rapier for 133 gold pieces
  3284 | D:4      | Identified the ring of Fatigue {rElec Will+ Stlth+}
  3357 | D:4      | Reached skill level 5 in Dodging
  3357 | D:4      | Reached XP level 5. HP: 28/28 MP: 6/6
  3573 | D:4      | Reached XP level 6. HP: 21/32 MP: 7/7
  4289 | D:4      | HP: 1/32 [gnoll shaman/+0 whip (10)]
  4771 | D:4      | Found a blossoming altar of Fedhas.
  5035 | D:5      | Entered Level 5 of the Dungeon
  5036 | D:5      | Noticed an ice beast
  5310 | D:5      | Splashed by a jelly's acid

Illustrated notes

Levels and vault maps discovered:
D:1:      dpeg_arrival_line_fractal, layout_basic, supply_closet_lemuel
D:2:      layout_loops_cross, serial_shops, shop,
          dreamdust_ecumenical_altar_grove
D:3:      layout_basic, lemuel_blue_sif_altar, serial_shops, shop,
          kennysheep_cluttered_room, chequers_mini_garden
D:4:      minmay_octagon_keep, layout_cave_pods,
          mainiacjoe_overflow_six_doors_small
D:5:      layout_cave_pools, mainiacjoe_overflow_paths, nicolae_stop_n_shop_2,
          uniq_prince_ribbit1

Skill      XL: |  1  2  3  4  5  6 |
---------------+-------------------+-----
Stealth        | 1 2 3 4 |  4.6
Short Blades   | 3 4 |  4.0
Fighting       | 3 |  3.6
Dodging        | 5 |  5.8
Shields        | 3 |  3.2

Action                   |  1- 3 |  4- 6 || total
-------------------------+-------+-------++-------
Melee: Rapier            |    76 |   179 ||   255
       Dagger            |    52 |    44 ||    96
  Use: Scroll            |       |     5 ||     5
 Stab: Sleeping          |     6 |    10 ||    16
       Distracted        |       |     1 ||     1
Armor: Robe              |    14 |    10 ||    24
Dodge: Dodged            |    83 |   175 ||   258
Block: Buckler           |    32 |    69 ||   101

Table legend: (Time is in decaauts)
 A = Elapsed time spent in this place.
 B = Non-inter-level travel time spent in this place.
 C = Inter-level travel time spent in this place.
 D = Time resting spent in this place.
 E = Time spent auto-exploring this place.
 F = Levels seen in this place.
 G = Mean time per level.
                   A        B        C        D        E       F      G
               +--------+--------+--------+--------+--------+-----+--------+
         Total |   4319 |   4279 |     40 |   1115 |   2294 |   5 |  863.8 |
       Dungeon |   4319 |   4279 |     40 |   1115 |   2294 |   5 |  863.8 |
               +--------+--------+--------+--------+--------+-----+--------+

Top non-repeatable levels by time:
     D:4: 1469 daAuts
     D:1: 945 daAuts
     D:2: 915 daAuts
     D:3: 720 daAuts
     D:5: 267 daAuts
